 Dungeon Crawl Stone Soup version 0.25-a0-251-g572059c536 (webtiles) character file.

Game seed: 18196361923315850176, levelgen mode: deterministic

43 floatRand the Cudgeler (level 3, 0/27 HPs)
             Began as a Demonspawn Gladiator on Dec 4, 2019.
             Succumbed to a kobold's poison
             ... on level 2 of the Dungeon.
             The game lasted 00:01:41 (987 turns).

floatRand the Cudgeler (Demonspawn Gladiator)        Turns: 987, Time: 00:01:42

Health: 0/27       AC: 10    Str: 14    XL:     3   Next: 37%
Magic:  3/3        EV: 12    Int:  9    God:
Gold:   62         SH:  0    Dex: 15    Spells: 2/2 levels left

rFire    . . .     SeeInvis .   a - +0 flail
rCold    . . .     Gourm    .   (no shield)
rNeg     . . .     Faith    .   b - +0 leather armour
rPois    .         Spirit   .   c - +0 helmet
rElec    .         Reflect  .   (no cloak)
rCorr    .         Harm     .   (no gloves)
MR       .....                  (no boots)
Stlth    +.........             (no amulet)
HPRegen  0.09/turn              (no ring)
MPRegen  0.08/turn              (no ring)

@: lethally poisoned (0 -> -22), sanguine armour
A: sanguine armour 1
a: no special abilities


You were on level 2 of the Dungeon.
You were not hungry.

You visited 1 branch of the dungeon, and saw 2 of its levels.

You collected 62 gold pieces.

Inventory:

Hand Weapons
 a - a +0 flail (weapon)
Missiles
 d - 3 throwing nets (quivered)
 e - 6 javelins
Armour
 b - a +0 leather armour (worn)
 c - a +0 helmet (worn)
Scrolls
 g - 2 scrolls of amnesia {unknown}
 h - a scroll of fog {unknown}
 i - 5 scrolls of identify {unknown}
 k - a scroll of remove curse {unknown}
 m - 3 scrolls of enchant weapon {unknown}
 n - a scroll of enchant armour {unknown}
Comestibles
 f - 3 rations


   Skills:
 - Level 2.0 Fighting
 + Level 4.1 Maces & Flails
 - Level 1.7 Throwing
 - Level 2.6 Dodging


You had 2 spell levels left.
You didn't know any spells.
Your spell library was empty.

Dungeon Overview and Level Annotations

Branches:
Dungeon (2/15)

Altars:


Innate Abilities, Weirdness & Mutations

When seriously injured, your bleeding wounds create armour. (AC +6)


Message History

You are too injured to fight recklessly!
You are too injured to fight recklessly!
Unknown command.
You hit the dart slug.
The dart slug is moderately wounded.
* * * LOW HITPOINT WARNING * * *
You feel very sick. The dart slug bites you.
* * * LOW HITPOINT WARNING * * *
Unknown command.
You hit the dart slug.
The dart slug is almost dead.
* * * LOW HITPOINT WARNING * * *
You feel sick.
The dart slug bites you but does no damage.
Unknown command.
Unknown command.
You sock the dart slug!
You kill the dart slug!
You die...

#. #######... ..#....#
##......# #######....#
#...@†).(..# ##[####.....#
####..# #.....#
##....#####.....#
##..#####..........
#..####..##......?.....#..
............#..#.#.........
##.####.###...##.#.........
#...##.###.####.#


There were no monsters in sight!

Vanquished Creatures
  A worm (D:2)
  3 dart slugs
  2 giant cockroaches (D:1)
  8 goblins
  2 hobgoblins (D:1)
  4 jackals (D:1)
  2 bats (D:1)
  2 frilled lizards (D:1)
  4 kobolds
  5 rats (D:1)
33 creatures vanquished.

Notes
Turn   | Place    | Note
-------+----------+-------------------------------------------
     0 | D:1      | floatRand the Demonspawn Gladiator began the quest for the
                  | Orb.
     0 | D:1      | Reached XP level 1. HP: 16/16 MP: 1/1
    50 | D:1      | Reached skill level 3 in Maces & Flails
    94 | D:1      | Gained mutation: When seriously injured, your bleeding
                  | wounds create armour. (AC +6) [demonic ancestry]
    94 | D:1      | Reached XP level 2. HP: 22/22 MP: 2/2
   532 | D:1      | Reached XP level 3. HP: 14/27 MP: 3/3
   959 | D:2      | Reached skill level 4 in Maces & Flails
   987 | D:2      | Succumbed to a kobold's poison

Levels and vault maps discovered:
D:1:      psy_arrival_dodecagon, layout_loops_ring, hangedman_decor_slide_cut
D:2:      layout_rooms, first_ration, hangedman_decor_points

Skill      XL: |  1  2  3 |
---------------+----------+-----
Maces & Flails | 3 4 |  4.1
Fighting       | |  2.0
Throwing       | |  1.7
Dodging        | |  2.6

Action                   || total
-------------------------++-------
Melee: Flail             ||    92
  Use: Potion            ||     1
Armor: Leather armour    ||    40
Dodge: Dodged            ||    90

Table legend:
 A = Non-vault XP
 B = Vault XP
 C = Vault XP percentage of total XP
 D = Non-vault monster count
 E = Vault monster count
 F = Vault count percentage of total count
                 A         B        C        D         E       F
            +---------+---------+-------+---------+---------+-------
      Total |      62 |       0 |   0.0 |      33 |       0 |   0.0
            +---------+---------+-------+---------+---------+-------
        D:1 |      49 |       0 |   0.0 |      28 |       0 |   0.0
        D:2 |      13 |       0 |   0.0 |       5 |       0 |   0.0
            +---------+---------+-------+---------+---------+-------
